 Dungeon Crawl Stone Soup version 0.23-a0-338-g8ff0b24 (webtiles) character file.

10517 epen the Covert (level 11, -1/86 HPs)
             Began as a Gnoll Assassin on Oct 18, 2018.
             Was a Priest of Makhleb.
             Killed from afar by a gargoyle (10 damage)
             ... with a stone arrow
             ... on level 10 of the Dungeon.
             The game lasted 00:22:42 (12449 turns).

epen the Covert (Gnoll Assassin)                   Turns: 12449, Time: 00:22:43

Health: -1/86      AC: 14    Str: 17    XL:     11   Next: 63%
Magic:  20/20      EV: 14    Int: 17    God:    Makhleb [***...]
Gold:   414        SH:  3    Dex: 17    Spells: 22/22 levels left

rFire    . . .     SeeInvis +   E - +6 war axe
rCold    . . .     Gourm    .   (no shield)
rNeg     . . .     Faith    .   D - +0 scale mail (curse)
rPois    .         Spirit   .   u - +0 helmet (curse)
rElec    .         Reflect  +   y - +2 cloak
rCorr    .         Harm     .   (no gloves)
MR       .....                  h - +1 pair of boots {Fly}
Stlth    +++.......             i - +3 amulet of reflection
HPRegen  0.24/turn              w - +4 ring of intelligence
MPRegen  0.17/turn              x - ring of see invisible

@: flying
A: distributed training, fangs 1, strong nose
a: Minor Destruction, Lesser Servant of Makhleb, Renounce Religion, Stop Flying


You were on level 10 of the Dungeon.
You worshipped Makhleb.
Makhleb was most pleased with you.
You were hungry.

You visited 2 branches of the dungeon, and saw 11 of its levels.

You collected 764 gold pieces.
You spent 350 gold pieces at shops.

Inventory:

Hand Weapons
 a - a +2 dagger
 b - a +0 blowgun
 q - a +2 short sword of venom
 E - a +6 war axe (weapon)
 J - a +0 falchion of flaming
Missiles
 e - 13 poisoned needles
 f - 5 curare-tipped needles
 L - 2 needles of confusion
Armour
 h - a +1 pair of boots of flying (worn)
 u - a cursed +0 helmet (worn)
 y - a +2 cloak (worn)
 D - a cursed +0 scale mail (worn)
Jewellery
 i - a +3 amulet of reflection (around neck)
 j - an uncursed ring of protection from cold
 v - an uncursed amulet of the gourmand
 w - a +4 ring of intelligence (left hand)
 x - a ring of see invisible (right hand)
 M - an uncursed amulet of the acrobat
Wands
 G - a wand of polymorph (14)
Scrolls
 n - 2 scrolls of remove curse
 B - a scroll of fear
 H - 3 scrolls of enchant weapon
 I - a scroll of teleportation
 K - 2 scrolls of magic mapping
Potions
 d - a potion of might
 k - a potion of flight
 l - 2 potions of lignification
 m - a potion of brilliance
 o - 2 potions of mutation
 p - 2 potions of resistance
 t - 2 potions of agility
 z - a potion of heal wounds
Comestibles
 c - 4 chunks of flesh
 g - 23 rations


   Skills:
 + Level 7.9 Fighting
 + Level 7.9 Short Blades
 + Level 6.3 Long Blades
 + Level 6.3 Axes
 + Level 6.3 Maces & Flails
 + Level 6.3 Polearms
 + Level 6.3 Staves
 + Level 6.3 Slings
 + Level 6.3 Bows
 + Level 6.3 Crossbows
 + Level 7.9 Throwing
 + Level 6.3 Armour
 + Level 6.9 Dodging
 + Level 10.1 Stealth
 + Level 6.3 Shields
 + Level 6.3 Unarmed Combat
 + Level 6.3 Spellcasting
 + Level 5.2 Conjurations
 + Level 5.2 Hexes
 + Level 5.2 Charms
 + Level 5.2 Summonings
 + Level 5.2 Necromancy
 + Level 5.2 Translocations
 + Level 5.2 Transmutations
 + Level 5.2 Fire Magic
 + Level 5.2 Ice Magic
 + Level 5.2 Air Magic
 + Level 5.2 Earth Magic
 + Level 5.2 Poison Magic
 + Level 7.0 Invocations
 + Level 6.3 Evocations


You had 22 spell levels left.
You didn't know any spells.
Your spell library contained the following spells:

 Spells                   Type           Power        Failure   Level  Hunger
 Corona                   Hex            ###....      4%          1    None
 Ensorcelled Hibernation  Hex/Ice        ###...       6%          2    None
 Confuse                  Hex            ###.....     13%         3    ##.....
 Dazzling Spray           Conj/Hex       ###...       13%         3    ##.....
 Tukima's Dance           Hex            ###.....     13%         3    ##.....


Dungeon Overview and Level Annotations

Branches:
Dungeon (10/15)            Temple (1/1) D:6            Lair (0/6) D:9
    Orc: D:9-12

Altars:
Ashenzari
Cheibriados
Dithmenos
Elyvilon
Fedhas
Gozag
Hepliaklqana
Kikubaaqudgha
Makhleb
Nemelex Xobeh
Okawaru
Ru
Sif Muna
Trog
Uskayaw
Vehumet
Wu Jian
Xom
Yredelemnul
Zin
The Shining One

Shops:
D:4 (   D:5 ?   D:6 *   D:10 !

Annotations:
D:7 4 runed doors
D:8 1 exclusion


Innate Abilities, Weirdness & Mutations

Your experience applies equally to all skills.
You have very sharp teeth.
Your uncanny sense of smell can sniff out nearby items.


Message History

You bite the gargoyle, but do no damage.
The gargoyle hurls a stone arrow at you.
The stone arrow hits you!
You hit the gargoyle but do no damage.
You bite the gargoyle, but do no damage.
The gargoyle hurls a stone arrow at you.
The stone arrow hits you!
The gargoyle hurls a stone arrow at you.
The stone arrow misses you.
You are too injured to fight recklessly!
You are too injured to fight recklessly!
You are too injured to fight recklessly!
The gargoyle hurls a stone arrow at you.
The stone arrow hits you!
* * * LOW HITPOINT WARNING * * *
Things that are here:
a worker ant corpse; a bullfrog corpse The gargoyle hurls a stone arrow at you.
The stone arrow hits you!
You die...

...# #......... ...#
#......... ...#
#......... . #..#
#..#...... .. #>.#
#).#...... ... #<.#
#..#>..... .... ##..#
#<.#...... .....
#...#####((# .....
......##†∩...)..@.#..##..
.............)))†....#
......††....###(.....#
......###...# #..9...#
)..... #...# #......#
..... #...# #......#
..... #...# #......# ...>
#...# #........ ....
#...# #.........


You could see a gargoyle.

Vanquished Creatures
  2 two-headed ogres (D:9)
  Urug (D:10)
  A queen bee (D:9)
  Grinder (D:3)
  2 dream sheep (D:8)
  Sigmund (D:3)
  A wyvern (D:9)
  9 yaks
  2 wargs (D:9)
  Duvessa (D:5)
  2 sky beasts
  An orc warrior (D:9)
  4 ogres
  4 phantoms
  4 ice beasts
  3 bullfrogs
  3 big kobolds (D:8)
  A water moccasin zombie (D:9)
  Dowan (D:5)
  3 scorpions
  28 killer bees
  9 wights
  7 howler monkeys
  A centaur zombie (D:5)
  5 crimson imps
  5 hounds
  2 bullfrog zombies
  5 jellies
  A gnoll shaman (D:4)
  2 centaur skeletons
  8 orc priests
  Jessica (D:2)
  7 orc wizards
  An iguana (D:5)
  9 worker ants
  2 hound skeletons
  A worker ant zombie (D:6)
  Robin (D:3)
  A howler monkey zombie (D:7)
  23 gnolls
  7 adders
  2 shadow imps
  An adder zombie (D:8)
  10 oozes (D:2)
  An adder skeleton (D:6)
  A worm (D:3)
  2 dart slugs (D:1)
  5 leopard geckos
  31 orcs
  A ball python (D:3)
  8 bats
  8 giant cockroaches
  24 goblins
  10 hobgoblins
  5 jackals
  19 kobolds
  7 quokkas
  5 frilled lizards
  2 leopard gecko skeletons (D:4)
  2 orc skeletons (D:10)
  An orc zombie (D:10)
  A quokka skeleton (D:6)
  6 rats
325 creatures vanquished.

Vanquished Creatures (others)
  10 toadstools (D:2)
10 creatures vanquished.

Grand Total: 335 creatures vanquished

Notes
Turn   | Place    | Note
-------+----------+-------------------------------------------
     0 | D:1      | epen the Gnoll Assassin began the quest for the Orb.
     0 | D:1      | Reached XP level 1. HP: 20/20 MP: 1/1
    51 | D:1      | Reached XP level 2. HP: 26/26 MP: 2/2
   577 | D:1      | Reached XP level 3. HP: 31/31 MP: 3/3
   804 | D:1      | Reached skill level 1 in Invocations
  1011 | D:2      | Noticed a scorpion
  1014 | D:2      | Killed a scorpion
  1014 | D:2      | Reached skill level 1 in Long Blades
  1014 | D:2      | Reached skill level 1 in Axes
  1014 | D:2      | Reached skill level 1 in Maces & Flails
  1014 | D:2      | Reached skill level 1 in Polearms
  1014 | D:2      | Reached skill level 1 in Staves
  1014 | D:2      | Reached skill level 1 in Slings
  1014 | D:2      | Reached skill level 1 in Bows
  1014 | D:2      | Reached skill level 1 in Crossbows
  1014 | D:2      | Reached skill level 1 in Armour
  1014 | D:2      | Reached skill level 1 in Shields
  1014 | D:2      | Reached skill level 1 in Unarmed Combat
  1014 | D:2      | Reached skill level 1 in Spellcasting
  1014 | D:2      | Reached skill level 1 in Conjurations
  1014 | D:2      | Reached skill level 1 in Hexes
  1014 | D:2      | Reached skill level 1 in Charms
  1014 | D:2      | Reached skill level 1 in Summonings
  1014 | D:2      | Reached skill level 1 in Necromancy
  1014 | D:2      | Reached skill level 1 in Translocations
  1014 | D:2      | Reached skill level 1 in Transmutations
  1014 | D:2      | Reached skill level 1 in Fire Magic
  1014 | D:2      | Reached skill level 1 in Ice Magic
  1014 | D:2      | Reached skill level 1 in Air Magic
  1014 | D:2      | Reached skill level 1 in Earth Magic
  1014 | D:2      | Reached skill level 1 in Poison Magic
  1014 | D:2      | Reached skill level 1 in Evocations
  1014 | D:2      | Reached XP level 4. HP: 38/38 MP: 5/5
  1308 | D:2      | Noticed Jessica
  1449 | D:2      | Killed Jessica
  1449 | D:2      | Reached XP level 5. HP: 36/43 MP: 5/7
  2162 | D:2      | Reached skill level 8 in Stealth
  2167 | D:2      | Reached XP level 6. HP: 46/50 MP: 8/8
  2330 | D:3      | Reached skill level 5 in Fighting
  2330 | D:3      | Reached skill level 5 in Short Blades
  2330 | D:3      | Reached skill level 5 in Throwing
  2411 | D:3      | Noticed Sigmund
  2416 | D:3      | Killed Sigmund
  2416 | D:3      | Reached XP level 7. HP: 56/56 MP: 8/10
  2480 | D:3      | Noticed Robin
  2516 | D:3      | Killed Robin
  2577 | D:3      | Noticed Grinder
  2581 | D:3      | Killed Grinder
  2813 | D:3      | Found an ancient bone altar of Kikubaaqudgha.
  3386 | D:3      | Reached XP level 8. HP: 17/63 MP: 12/12
  3972 | D:4      | Found Rearoud's Weapon Shoppe.
  4026 | D:4      | Found a hazy altar of Hepliaklqana.
  4208 | D:4      | Found a sacrificial altar of Ru.
  4210 | D:4      | Found a hide-covered altar of Uskayaw.
  4402 | D:5      | Entered Level 5 of the Dungeon
  4496 | D:5      | Noticed Dowan
  4497 | D:5      | Noticed Duvessa
  4516 | D:5      | Killed Duvessa
  4527 | D:5      | Killed Dowan
  5020 | D:5      | Found Doysm's Magic Scroll Shop.
  5026 | D:5      | Reached XP level 9. HP: 69/69 MP: 14/14
  5314 | D:5      | Bought a scroll of identify for 20 gold pieces
  5314 | D:5      | Bought a scroll of identify for 20 gold pieces
  6540 | D:6      | Reached skill level 5 in Dodging
  6791 | D:6      | Found a staircase to the Ecumenical Temple.
  6820 | Temple   | Entered the Ecumenical Temple
  7039 | Temple   | Became a worshipper of Makhleb the Destroyer
  7092 | D:6      | Found a glowing silver altar of Zin.
  7095 | D:6      | Found Ugemiluff's Hallowed Reliquary.
  7124 | D:6      | Reached skill level 9 in Stealth
  7339 | D:6      | Noticed an angel
  7342 | D:6      | Bought a potion of heal wounds for 50 gold pieces
  7342 | D:6      | Bought a potion of heal wounds for 50 gold pieces
  7885 | D:7      | Found a huge runed gate.
  7885 | D:7      | Noticed a polar bear
  7885 | D:7      | Noticed a polar bear
  7887 | D:7      | Found a huge runed gate.
  7887 | D:7      | Found a huge runed gate.
  7887 | D:7      | Found a huge runed gate.
  7897 | D:7      | Noticed a death yak
  7898 | D:7      | Noticed a polar bear
  7906 | D:7      | Noticed a polar bear
  7944 | D:7      | Reached skill level 5 in Invocations
  8521 | D:8      | Found an ornate altar of the Wu Jian Council.
  8610 | D:8      | Reached * piety under Makhleb
  8660 | D:8      | Reached XP level 10. HP: 57/77 MP: 17/17
  8686 | D:8      | Reached skill level 5 in Long Blades
  8686 | D:8      | Reached skill level 5 in Axes
  8686 | D:8      | Reached skill level 5 in Maces & Flails
  8686 | D:8      | Reached skill level 5 in Polearms
  8686 | D:8      | Reached skill level 5 in Staves
  8686 | D:8      | Reached skill level 5 in Slings
  8686 | D:8      | Reached skill level 5 in Bows
  8686 | D:8      | Reached skill level 5 in Crossbows
  8686 | D:8      | Reached skill level 5 in Armour
  8686 | D:8      | Reached skill level 5 in Shields
  8686 | D:8      | Reached skill level 5 in Unarmed Combat
  8686 | D:8      | Reached skill level 5 in Spellcasting
  8686 | D:8      | Reached skill level 5 in Evocations
  9801 | D:9      | Found a staircase to the Lair.
  9813 | D:9      | Reached ** piety under Makhleb
 10110 | D:9      | Noticed a two-headed ogre
 10159 | D:9      | Killed a two-headed ogre
 10322 | D:9      | Reached XP level 11. HP: 66/84 MP: 19/19
 11329 | D:9      | Reached skill level 5 in Conjurations
 11329 | D:9      | Reached skill level 5 in Hexes
 11329 | D:9      | Reached skill level 5 in Charms
 11329 | D:9      | Reached skill level 5 in Summonings
 11329 | D:9      | Reached skill level 5 in Necromancy
 11329 | D:9      | Reached skill level 5 in Translocations
 11329 | D:9      | Reached skill level 5 in Transmutations
 11329 | D:9      | Reached skill level 5 in Fire Magic
 11329 | D:9      | Reached skill level 5 in Ice Magic
 11329 | D:9      | Reached skill level 5 in Air Magic
 11329 | D:9      | Reached skill level 5 in Earth Magic
 11329 | D:9      | Reached skill level 5 in Poison Magic
 11672 | D:9      | Noticed a two-headed ogre
 11759 | D:9      | Killed a two-headed ogre
 12290 | D:10     | Entered Level 10 of the Dungeon
 12291 | D:10     | Found Liosauna's Distillery.
 12291 | D:10     | Noticed Urug
 12322 | D:10     | Killed Urug
 12322 | D:10     | Reached skill level 10 in Stealth
 12330 | D:10     | Reached *** piety under Makhleb
 12417 | D:10     | Bought a potion of resistance for 150 gold pieces
 12417 | D:10     | Bought a potion of might for 60 gold pieces
 12449 | D:10     | Killed from afar by a gargoyle

Vault maps used:
D:1:      grunt_arrival_lava_bath, minmay_hexomino_u4
D:2:      cheibrodos_fertilizer, first_ration, kennysheep_generic_room_15,
          uniq_jessica
D:3:      old_standard_altar, uniq_sigmund, uniq_grinder, uniq_robin
D:4:      lemuel_round_altar, nicolae_overflow_hidden_temple, serial_shops,
          nicolae_shop_behind_doors
D:5:      serial_shops, nicolae_shop_crystal, uniq_duvessa
D:6:      minmay_temple_entry_overgrown, minivault_23, nicolae_good_shop
D:7:      lemuel_bear_cage, minmay_splitting_lines
D:8:      marbit_many_paths, hangedman_ranch
D:9:      erik_lair_orcish_takeover, eino_small_chamber_without_monster
D:10:     zombieorc1_lemuel, basic_altar, serial_shops, shop_coins,
          minmay_liquid_box, uniq_urug
Temple:   regret_index_temple_generic_petals

Skill      XL: |  1  2  3  4  5  6  7  8  9 10 11 |
---------------+----------------------------------+-----
Invocations    | 1 2 3 4 5 6 7 |  7.0
Long Blades    | 1 2 3 4 5 6 |  6.3
Axes           | 1 2 3 4 5 6 |  6.3
Maces & Flails | 1 2 3 4 5 6 |  6.3
Polearms       | 1 2 3 4 5 6 |  6.3
Staves         | 1 2 3 4 5 6 |  6.3
Slings         | 1 2 3 4 5 6 |  6.3
Bows           | 1 2 3 4 5 6 |  6.3
Crossbows      | 1 2 3 4 5 6 |  6.3
Armour         | 1 2 3 4 5 6 |  6.3
Shields        | 1 2 3 4 5 6 |  6.3
Unarmed Combat | 1 2 3 4 5 6 |  6.3
Spellcasting   | 1 2 3 4 5 6 |  6.3
Conjurations   | 1 2 3 4 5 |  5.2
Hexes          | 1 2 3 4 5 |  5.2
Charms         | 1 2 3 4 5 |  5.2
Summonings     | 1 2 3 4 5 |  5.2
Necromancy     | 1 2 3 4 5 |  5.2
Translocations | 1 2 3 4 5 |  5.2
Transmutations | 1 2 3 4 5 |  5.2
Fire Magic     | 1 2 3 4 5 |  5.2
Ice Magic      | 1 2 3 4 5 |  5.2
Air Magic      | 1 2 3 4 5 |  5.2
Earth Magic    | 1 2 3 4 5 |  5.2
Poison Magic   | 1 2 3 4 5 |  5.2
Evocations     | 1 2 3 4 5 6 |  6.3
Dodging        | 3 4 5 6 |  6.9
Stealth        | 8 9 10 | 10.1
Fighting       | 5 6 7 |  7.9
Short Blades   | 5 6 7 |  7.9
Throwing       | 5 6 7 |  7.9

Action                   |  1- 3 |  4- 6 |  7- 9 | 10-12 || total
-------------------------+-------+-------+-------+-------++-------
Melee: Dagger            |    78 |    31 |       |       ||   109
       Bite              |     5 |    12 |    65 |    46 ||   128
       Short sword       |       |    69 |   441 |       ||   510
       Punch             |       |     2 |     7 |     4 ||    13
       War axe           |       |       |    97 |   369 ||   466
 Fire: Blowgun           |     1 |     9 |     5 |    27 ||    42
Invok: Minor Destruction |       |       |       |     4 ||     4
Evoke: Wand              |       |       |     5 |     9 ||    14
  Use: Scroll            |       |     5 |     8 |     7 ||    20
       Potion            |       |       |     4 |     9 ||    13
 Stab: Sleeping          |     9 |    10 |    25 |     3 ||    47
       Distracted        |       |       |     1 |     1 ||     2
  Eat: Chunk             |       |     3 |    15 |     5 ||    23
       Ration            |       |     1 |     1 |     2 ||     4
Armor: Robe              |    15 |       |       |       ||    15
       Ring mail         |     1 |    17 |   109 |       ||   127
       Skin              |       |       |     1 |       ||     1
       Scale mail        |       |       |    71 |   173 ||   244
Dodge: Dodged            |    37 |    62 |   288 |   337 ||   724
Block: Other             |       |       |    27 |    60 ||    87

Table legend:
 A = Non-vault XP
 B = Vault XP
 C = Vault XP percentage of total XP
 D = Non-vault monster count
 E = Vault monster count
 F = Vault count percentage of total count
                 A         B        C        D         E       F
            +---------+---------+-------+---------+---------+-------
      Total |    9734 |    5291 |  35.2 |     238 |      87 |  26.8
            +---------+---------+-------+---------+---------+-------
        D:1 |      55 |       8 |  12.7 |      24 |       4 |  14.3
        D:2 |     138 |     207 |  60.0 |      14 |      23 |  62.2
        D:3 |     373 |     532 |  58.8 |      31 |      15 |  32.6
        D:4 |     604 |       0 |   0.0 |      31 |       0 |   0.0
        D:5 |     630 |     223 |  26.1 |      22 |       2 |   8.3
        D:6 |    1157 |       0 |   0.0 |      31 |       0 |   0.0
        D:7 |     460 |       0 |   0.0 |      17 |       0 |   0.0
        D:8 |    1154 |    1077 |  48.3 |      23 |       6 |  20.7
        D:9 |    3790 |    2402 |  38.8 |      26 |      33 |  55.9
       D:10 |    1373 |     842 |  38.0 |      19 |       4 |  17.4
            +---------+---------+-------+---------+---------+-------
